 Dungeon Crawl Stone Soup version 0.25.0-1-g7eea58d2a3 (webtiles) character file.

Game seed: 11367615876385654793

1160 Jannitor the Sneak (level 8, -1/39 HPs)
             Began as a Vine Stalker Wizard on June 13, 2020.
             Was a Follower of Okawaru.
             Slain by a killer bee (3 damage)
             ... on level 7 of the Dungeon.
             The game lasted 00:17:00 (8007 turns).

Jannitor the Sneak (Vine Stalker Wizard)            Turns: 8007, Time: 00:17:01

Health: -1/39      AC:  6    Str: 10    XL:     8   Next: 39%
Magic:  0/16       EV: 16    Int: 19    God:    Okawaru [*.....]
Gold:   179        SH:  0    Dex: 14    Spells: 10/17 levels left

rFire    . . .     SeeInvis .   r - +3 dagger
rCold    . . .     Gourm    .   (no shield)
rNeg     . . .     Faith    .   g - +0 troll leather armour {Purgy}
rPois    .         Spirit   +   l - +0 helmet
rElec    .         Reflect  .   (no cloak)
rCorr    .         Harm     .   (no gloves)
MR       +....                  C - +0 pair of boots
Stlth    +++.......             (no amulet)
HPRegen  0.93/turn              j - +4 ring of evasion
MPRegen  0.15/turn              (no ring)

@: lethally poisoned (-1 -> -2), hasted, very quick
A: fangs 3, regeneration 1, magic shield, antimagic bite, no potion heal 3, rot
immunity
a: Heroism, Renounce Religion


You were on level 7 of the Dungeon.
You worshipped Okawaru.
Okawaru was aware of your devotion.
You were not hungry.

You visited 2 branches of the dungeon, and saw 8 of its levels.
You also visited: Sewer.

You collected 421 gold pieces.
You spent 242 gold pieces at shops.

Inventory:

Hand Weapons
 r - a +3 dagger (weapon)
Missiles
 c - 37 poisoned darts (quivered)
 G - 4 curare-tipped darts
Armour
 a - a +0 robe
 b - a +0 hat
 g - a +0 troll leather armour (worn) {Purgy}
 i - a +0 tower shield
 k - a +0 leather armour
 l - a +0 helmet (worn)
 C - a +0 pair of boots (worn)
Jewellery
 j - a +4 ring of evasion (left hand)
Wands
 h - a wand of acid (10)
 v - a wand of enslavement (15)
 E - a wand of digging (5)
 I - a wand of random effects (19)
Scrolls
 f - 6 scrolls of remove curse
 m - 3 scrolls of identify
 o - a scroll of enchant weapon
 u - a scroll of amnesia
 D - a scroll of magic mapping
 F - a scroll of fog
Potions
 e - 2 potions of resistance {unknown}
 n - 2 potions of magic
 p - 2 potions of brilliance
 q - a potion of heal wounds {unknown}
 s - a potion of berserk rage {unknown}
 t - 2 potions of curing
 w - 2 potions of cancellation {unknown}
 x - a potion of stabbing {unknown}
 A - a potion of flight
Comestibles
 d - 13 rations


   Skills:
 + Level 2.9 Fighting
 * Level 3.6 Short Blades
 + Level 2.0 Armour
 - Level 2.5 Dodging
 + Level 5.7 Stealth
 + Level 5.0 Spellcasting
 - Level 3.2 Conjurations
 + Level 2.7 Summonings
 - Level 1.0 Translocations


You had 10 spell levels left.
You knew the following spells:

 Your Spells              Type           Power        Failure   Level  Hunger
a - Magic Dart            Conj           ###.         4%          1    None
b - Blink                 Tloc           N/A          16%         2    #......
c - Call Imp              Summ           ###.....     8%          2    #......
d - Animate Skeleton      Necr           N/A          16%         1    None
e - Apportation           Tloc           #.....       11%         1    None

Your spell library contained the following spells:

 Spells                   Type           Power        Failure   Level  Hunger
 Summon Small Mammal      Summ           ###.         5%          1    None
 Corona                   Hex            #......      16%         1    None
 Slow                     Hex            #.......     24%         2    #......
 Conjure Flame            Conj/Fire      ##......     26%         3    ##.....
 Mephitic Cloud           Conj/Pois/Air  #.......     30%         3    ##.....


Dungeon Overview and Level Annotations

Branches:
Dungeon (7/15)             Temple (1/1) D:4           Sewer (visited)

Altars:
Ashenzari
Cheibriados
Dithmenos
Elyvilon
Fedhas
Gozag
Hepliaklqana
Kikubaaqudgha
Makhleb
Nemelex Xobeh
Okawaru
Qazlal
Ru
Sif Muna
Trog
Uskayaw
Vehumet
Wu Jian
Xom
Yredelemnul
Zin
The Shining One

Shops:
D:4 !

Annotations:
D:7 exclusion: hippogriff


Innate Abilities, Weirdness & Mutations

You have razor-sharp teeth.
Your natural rate of healing is unusually fast.
When hurt, damage is shared between your health and your magic reserves.
Your bite disrupts and absorbs the magic of your enemies.
Potions cannot restore your health.
You are immune to rotting.


Message History

You are poisoned.
The killer bee poisons you!
You feel sick. The ball python completely misses you.
The ball python grabs you. The ball python constricts you.
Found a ration.
You escape the ball python's grasp.
You feel sick. The killer bee misses you. Magic courses through your body.
The killer bee stings you.
* * * LOW HITPOINT WARNING * * *
The killer bee stings you.
* * * LOW HITPOINT WARNING * * *
You are more poisoned.
The killer bee poisons you! Something stings your crimson imp.
Flame seeps out of your crimson imp.
Unknown command.
Casting: Blink (safe; 16% risk of failure)
Confirm with . or Enter, or press ? or * to list all spells.
You blink.
* * * LOW HITPOINT WARNING * * *
You feel sick. The killer bee stings you!
You die...

....###
#.....#.........#......
....#
####.....#.........#......
....#
#.........................
#####
#......##.................
... .......
#y.....#.......#.# ...
.%.....##S5....#..#.......
....
.......ยง.y...........
.... ........yy...........
#.. .........@.r.........
..........#........#
###+##....##.......#
#.....# ....... #......
...... ......... #..Y
......... . ?.........


You could see a sky beast (asleep), 4 killer bees, a quokka, a ball python and a
friendly crimson imp (summoned, inner flame).

Vanquished Creatures
  3 ogres
  A bullfrog (D:7)
  An orc priest (D:3)
  A centaur skeleton (D:7)
  2 bullfrog skeletons (D:6)
  An iguana (D:6)
  3 orc wizards
  A worker ant (D:5)
  Robin (D:4)
  4 gnolls
  4 adders
  2 shadow imps (D:5)
  An ooze (D:1)
  An adder skeleton (D:6)
  An adder zombie (D:4)
  A worm (D:3)
  A dart slug (D:1)
  3 leopard geckos
  18 orcs
  11 bats
  2 giant cockroaches
  2 gnoll zombies (D:4)
  17 goblins
  5 hobgoblins
  7 jackals
  5 quokkas
  4 ball pythons (D:3)
  4 frilled lizards
  4 kobolds
  5 rats
116 creatures vanquished.

Vanquished Creatures (collateral kills)
  A hippogriff (D:5)
  Purgy (Sewer)
  2 ogres
  4 gnolls
  A river rat (D:2)
  2 adders
  4 orcs
  A hobgoblin (D:3)
  A rat (D:3)
17 creatures vanquished.

Grand Total: 133 creatures vanquished

Notes
Turn   | Place    | Note
-------+----------+-------------------------------------------
     0 | D:1      | Jannitor the Vine Stalker Wizard began the quest for the
                  | Orb.
     0 | D:1      | Reached XP level 1. HP: 9/9 MP: 5/5
   625 | D:1      | Reached XP level 2. HP: 13/13 MP: 7/7
  1045 | D:1      | Reached XP level 3. HP: 16/16 MP: 9/9
  1151 | D:1      | Learned a level 2 spell: Blink
  1154 | D:1      | Learned a level 2 spell: Call Imp
  2106 | D:2      | Gained mutation: Your natural rate of healing is unusually
                  | fast. [Vine Stalker growth]
  2106 | D:2      | Reached XP level 4. HP: 11/21 MP: 4/10
  2626 | D:2      | Reached skill level 1 in Short Blades
  2791 | D:2      | Reached skill level 1 in Fighting
  2963 | D:3      | Found a glowing drain.
  3022 | D:2      | Reached XP level 5. HP: 16/25 MP: 7/11
  3117 | Sewer    | Entered a sewer
  3195 | Sewer    | Noticed Purgy
  3243 | Sewer    | Killed Purgy
  3316 | D:3      | Reached XP level 6. HP: 20/30 MP: 8/13
  4379 | D:4      | Noticed Robin
  4746 | D:4      | Killed Robin
  5074 | D:4      | Found a staircase to the Ecumenical Temple.
  5125 | D:4      | Found Arunk's Distillery.
  5132 | D:4      | Bought a potion of curing for 33 gold pieces
  5132 | D:4      | Bought a potion of magic for 88 gold pieces
  5132 | D:4      | Bought a potion of invisibility for 88 gold pieces
  5132 | D:4      | Bought a potion of flight for 33 gold pieces
  5146 | Temple   | Entered the Ecumenical Temple
  5406 | Temple   | Became a worshipper of Warmaster Okawaru
  5465 | D:4      | Found a basalt altar of Yredelemnul.
  5732 | D:5      | Entered Level 5 of the Dungeon
  5768 | D:5      | Reached XP level 7. HP: 35/35 MP: 8/14
  5911 | D:5      | Noticed a hippogriff
  5931 | D:5      | Killed a hippogriff
  5931 | D:5      | Reached skill level 1 in Armour
  5931 | D:5      | Reached skill level 5 in Stealth
  6051 | D:5      | Learned a level 1 spell: Animate Skeleton
  6053 | D:5      | Learned a level 1 spell: Apportation
  6700 | D:6      | Reached * piety under Okawaru
  6839 | D:6      | Gained mutation: You have razor-sharp teeth. [Vine Stalker
                  | growth]
  6839 | D:6      | Reached XP level 8. HP: 39/39 MP: 4/16
  7710 | D:6      | Noticed a green ugly thing
  7879 | D:7      | Reached skill level 5 in Spellcasting
  7971 | D:7      | Noticed a hippogriff
  8007 | D:7      | Slain by a killer bee

Illustrated notes

Levels and vault maps discovered:
D:1:      roderic_dead_forest, layout_loops_corners, kennysheep_doodads,
          minmay_hexomino_u4
D:2:      layout_basic, chequers_serial_rivers_micro_d, minmay_misc_feat_square
D:3:      layout_loops_ring, first_ration, portal_sewer_entry_a, st_stairs_7
D:4:      layout_basic, lemuel_zombie_altar_yredelemnul,
          minmay_temple_entry_trees, serial_shops, shop, uniq_robin
D:5:      layout_loops_cross, chequers_mini_garden
D:6:      layout_layer_cave, minmay_manual_macuahuitl, uniq_pikel
D:7:      layout_basic
Temple:   nicolae_temple_the_god_donut

Skill      XL: |  1  2  3  4  5  6  7  8 |
---------------+-------------------------+-----
Stealth        | 3 4 5 |  5.7
Dodging        | 2 |  2.5
Conjurations   | 2 3 |  3.2
Short Blades   | 1 2 3 |  3.6
Fighting       | 1 2 |  2.9
Spellcasting   | 4 5 |  5.0
Armour         | 1 2 |  2.0
Summonings     | 2 |  2.7
Translocations | |  1.0

Action                   |  1- 3 |  4- 6 |  7- 9 || total
-------------------------+-------+-------+-------++-------
Melee: Short sword       |    54 |   150 |       ||   204
       Bite              |     6 |    37 |    27 ||    70
       Dagger            |       |    40 |   117 ||   157
Throw: Dart              |     1 |    13 |    22 ||    36
 Cast: Magic Dart        |    47 |    55 |     4 ||   106
       Call Imp          |     3 |    33 |     9 ||    45
       Blink             |       |     2 |    13 ||    15
Evoke: Wand              |       |     1 |     3 ||     4
  Use: Scroll            |       |     5 |     4 ||     9
       Potion            |       |     3 |     5 ||     8
 Stab: Sleeping          |     1 |     3 |     8 ||    12
       Distracted        |       |     1 |       ||     1
       Invisible         |       |       |     1 ||     1
  Eat: Chunk             |     4 |    12 |     8 ||    24
Armor: Robe              |     2 |       |       ||     2
       Leather armour    |    20 |    49 |       ||    69
       Troll leather arm |       |    18 |    30 ||    48
Dodge: Dodged            |    43 |   175 |    99 ||   317
